 Dungeon Crawl Stone Soup version 0.28.0-49-g6dfe1f597d (console) character file.

Game seed: 13512947363085838819

219 Faeu the Chopper (level 5, -5/47 HPs)
             Began as a Minotaur Berserker on May 14, 2022.
             Was a Believer of Trog.
             Slain by Sigmund
             ... wielding a +0 scythe
              (10 damage)
             ... on level 3 of the Dungeon.
             The game lasted 00:05:32 (3330 turns).

Faeu the Chopper (Minotaur Berserker)               Turns: 3330, Time: 00:05:33

Health: -5/47      AC:  2    Str: 24    XL:     5   Next: 64%
Magic:  4/4        EV: 12    Int:  4    God:    Trog [**....]
Gold:   68         SH:  0    Dex:  9    Spells: 4/4 levels left

rFire   . . .      SeeInvis .   a - +0 hand axe {axe}
rCold   . . .      Faith    .   (no shield)
rNeg    . . .      Spirit   .   b - +0 animal skin
rPois   .          Reflect  .   (helmet restricted)
rElec   .          Harm     .   (no cloak)
rCorr   .          Rampage  .   (no gloves)
Will    .....                   (no boots)
Stlth   +.........              (no amulet)
HPRegen 0.15/turn               (no ring)
MPRegen 0.09/turn               (no ring)

@: confused, on berserk cooldown, slowed, very slow
A: horns 2, retaliatory headbutt
a: Renounce Religion, Berserk, Trog's Hand


You were on level 3 of the Dungeon.
You worshipped Trog.
Trog was pleased with you.
You visited 1 branch of the dungeon, and saw 3 of its levels.

You collected 68 gold pieces.


Innate Abilities, Weirdness & Mutations

You have a pair of horns on your head.
You reflexively headbutt those who attack you in melee.


   Skills:
 + Level 4.9 Fighting
 + Level 5.0 Axes
 + Level 4.1 Armour
 + Level 3.7 Dodging


You had 4 spell levels left.
You didn't know any spells.
Your spell library was empty.

Inventory:

Hand Weapons
 a - a +0 hand axe (weapon) {axe}
 i - a +2 vorpal falchion {long}
   (You found it on level 2 of the Dungeon)
Armour
 b - a +0 animal skin (worn)
Scrolls
 d - 2 scrolls of enchant armour {unknown}
 f - a scroll of noise {unknown}
 j - a scroll of silence {unknown}
 k - a scroll of teleportation {unknown}
Potions
 c - a potion of ambrosia {unknown}
 e - 2 potions of heal wounds {unknown}
 g - a potion of attraction {unknown}
 h - a potion of degeneration {unknown}

Dungeon Overview and Level Annotations

Branches:
Dungeon (3/15)

Altars:

Shops:
D:2 ?

Annotations:
D:2 1 runed translucent door, Crazy Yiuf
D:3 Sigmund

... ..# #.# #.#
#.# #.# #.#
########.####.#
#.#
#.......#.....#
#.#
#.######.######
#.# #.# #.# #.#
#.# #.# #.#
###.# #.# #.#
....#
#.########.#
#####
#....{.@...#
############


There were no monsters in sight!


Message History

😎 HP[+1]
A red film seems to cover your vision as you go berserk!
You feel yourself moving faster!
You feel mighty! The adder barely misses you.
The jelly jiggles. 😎 HP[+23]
You now have 70 max hp (+23).
You slash the adder!
You kill the adder!
Trog accepts your kill.
Your Armour skill increases to level 4!
The jelly misses you.
You slash the jelly!
You kill the jelly!
Trog accepts your kill.
Your Axes skill increases to level 5!
Calm down first, please.
No target in view!
You start waiting.
You feel a strong urge to attack something.
You feel your anger nearly subside.
You are no longer berserk.
You are exhausted.
You feel yourself slow down.
HP restored. 😎 HP[-23]
You now have 47 max hp (-23).
You start waiting.
You feel yourself speed up.
You recover from your berserk rage.
Done waiting.
j - a scroll labelled FYOTHR QOPLOTU A rat comes into view.
A rat is nearby!
A rat is nearby!
You hit the rat. The rat bites you.
A rat is nearby!
You barely miss the rat. The rat bites you.
A rat is nearby!
You hit the rat but do no damage. The rat bites you.
A rat is nearby!
You slash the rat!
You kill the rat!
Trog accepts your kill.
HP restored.
k - a scroll labelled BUCZOH TOABASK No target in view!
Sigmund the Dreaded comes into view.
He is wielding a +0 scythe and wearing a +1 robe of willpower.
Sigmund shouts!
Sigmund mumbles some strange words.
Sigmund flickers and vanishes!
Deactivating autopickup; reactivate with Ctrl-A.
No target in view!
There is a strange disturbance nearby!
No target in view!
A puff of flame appears from out of thin air!
The puff of flame misses you.
No target in view!
A puff of flame appears from out of thin air!
The puff of flame hits you! 😕 HP[-8]
You take 8 damage, and now have 39/47 hp.
Something hits you. 😮 HP[-4]
You take 4 damage, and now have 35/47 hp.
You miss something. Something hits you! 😮 HP[-11]
You take 11 damage, and now have 24/47 hp.
MASSIVE DAMAGE!! (PAUSE)
You barely miss something. Your headbutt misses something. Something hits you!
* * * LOW HITPOINT WARNING * * *
😨 HP[-9]
You take 9 damage, and now have 15/47 hp.
A red film seems to cover your vision as you go berserk!
You feel yourself moving faster!
You feel mighty! 😨 HP[+7]
You now have 70 max hp (+23).
You regained 7 hp, and now have 22/70 hp.
You miss something. Your headbutt misses something. Something hits you!
* * * LOW HITPOINT WARNING * * *
😱 HP[-11]
You take 11 damage, and now have 11/70 hp.
You miss something. You headbutt something! Your punch misses something.
You closely miss something. Your headbutt misses something. Something hits you.
* * * LOW HITPOINT WARNING * * *
😱 HP[-4]
You take 4 damage, and now have 7/70 hp.
You miss something. You slash something! Your headbutt misses something.
You hear some strange, mumbled words.
You are confused.
Something completely misses you.
You feel a strong urge to attack something. 😱 HP[+1]
You bump into the rock wall.
You are no longer berserk.
You are exhausted.
You feel yourself slow down. 😱 HP[-3]
You now have 47 max hp (-23).
Something hits you!
You die...

Skill      XL: |  1  2  3  4  5 |
---------------+----------------+-----
Fighting       | 4 |  4.9
Axes           | 4 5 |  5.0
Armour         | 3 4 |  4.1
Dodging        | 3 |  3.7

Action                   |  1- 3 |  4- 6 || total
-------------------------+-------+-------++-------
Melee: Hand axe          |    84 |    43 ||   127
       Headbutt          |    10 |     7 ||    17
       Punch             |       |     2 ||     2
Invok: Berserk           |       |     4 ||     4
 Stab: Sleeping          |     1 |     1 ||     2
Armor: Animal skin       |    18 |     4 ||    22
Dodge: Dodged            |    75 |    26 ||   101

Levels and vault maps discovered:
D:1:      dpeg_arrival_round_a, layout_basic, basic_ecumenical_altar,
          minmay_misc_feat_pillars, kennysheep_crisscross
D:2:      layout_loops_corners, serial_shops, shop, minmay_misc_feat_square,
          grunt_decor_one_mirror, minmay_shallow_snake_nest,
          uniq_crazy_yiuf_cottage
D:3:      layout_loops_ring, grunt_dithmenos_smoke_and_mirrors,
          mainiacjoe_overflow_surrounded_room, dancing_weapons_uskayaw,
          st_stairs_12, uniq_sigmund

Notes
Turn   | Place    | Note
-------+----------+-------------------------------------------
     0 | D:1      | Faeu the Minotaur Berserker began the quest for the Orb.
     0 | D:1      | Reached XP level 1. HP: 19/19 MP: 0/0
     0 | D:1      | magus.rc [v1.9.6]
   404 | D:1      | Reached XP level 2. HP: 16/27 MP: 1/1
   599 | D:1      | Reached skill level 4 in Fighting
   605 | D:1      | Reached skill level 4 in Axes
   609 | D:1      | Reached skill level 3 in Armour
   844 | D:1      | Reached XP level 3. HP: 33/33 MP: 2/2
   995 | D:1      | Reached ** piety under Trog
  1170 | D:1      | Found a faded altar of an unknown god.
  1589 | D:2      | Found a runed translucent door.
  1590 | D:2      | Noticed Crazy Yiuf
  1663 | D:2      | Found Vongiomo's Magic Scroll Emporium.
  1754 | D:2      | Reached skill level 3 in Dodging
  1754 | D:2      | Reached XP level 4. HP: 24/40 MP: 3/3
  2156 | D:2      | Noticed a black bear
  2164 | D:2      | Killed a black bear
  2165 | D:2      | Reached XP level 5. HP: 28/47 MP: 4/4
  3103 | D:3      | Reached skill level 4 in Armour
  3105 | D:3      | Reached skill level 5 in Axes
  3294 | D:3      | Noticed Sigmund
  3322 | D:3      | HP: 11/70 [something (12)]
  3330 | D:3      | Slain by Sigmund

Vanquished Creatures
  A black bear (D:2)
  A jelly (D:3)
  4 adders
  A worm (D:2)
  A dart slug (D:1)
  2 bats (D:1)
  5 endoplasms (D:1)
  2 giant cockroaches
  6 goblins (D:1)
  3 hobgoblins
  8 jackals (D:1)
  3 kobolds
  3 quokkas
  11 ball pythons
  6 frilled lizards
  2 rats
59 creatures vanquished.

Table legend:
 A = Non-vault XP
 B = Vault XP
 C = Vault XP percentage of total XP
 D = Non-vault monster count
 E = Vault monster count
 F = Vault count percentage of total count
                 A         B        C        D         E       F
            +---------+---------+-------+---------+---------+-------
      Total |     292 |      22 |   7.0 |      53 |       6 |  10.2
            +---------+---------+-------+---------+---------+-------
        D:1 |      67 |       0 |   0.0 |      38 |       0 |   0.0
        D:2 |     169 |      22 |  11.5 |      11 |       6 |  35.3
        D:3 |      56 |       0 |   0.0 |       4 |       0 |   0.0
            +---------+---------+-------+---------+---------+-------

Illustrated notes

Table legend:
 A = Kills in this place as a percentage of kills in entire the game.
 B = Kills by you in this place as a percentage of kills by you in the entire game.
 C = Kills by friends in this place as a percentage of kills by friends in the entire game.
 D = Other kills in this place as a percentage of other kills in the entire game.
 E = Experience gained in this place as a percentage of experience gained in the entire game.
 F = Experience gained in this place divided by the number of levels of this place that you have seen.
                   A       B       C       D       E      F
               +-------+-------+-------+-------+-------+----------------------
         Total | 100.0 | 100.0 |   N/A |   N/A | 100.0 | 104.7
       Dungeon | 100.0 | 100.0 |   N/A |   N/A | 100.0 | 104.7
               +-------+-------+-------+-------+-------+----------------------

Table legend: (Time is in decaauts)
 A = Elapsed time spent in this place.
 B = Non-inter-level travel time spent in this place.
 C = Inter-level travel time spent in this place.
 D = Time resting spent in this place.
 E = Time spent auto-exploring this place.
 F = Levels seen in this place.
 G = Mean time per level.
                   A        B        C        D        E       F      G
               +--------+--------+--------+--------+--------+-----+--------+
         Total |   3365 |   3277 |     88 |    635 |   2180 |   3 | 1121.7 |
       Dungeon |   3365 |   3277 |     88 |    635 |   2180 |   3 | 1121.7 |
               +--------+--------+--------+--------+--------+-----+--------+

Top non-repeatable levels by time:
     D:2: 1811 daAuts
     D:1: 1298 daAuts
     D:3: 255 daAuts
